 Dungeon Crawl Stone Soup version 0.25.1-2-g60ff931df9 (webtiles) character file.

Game seed: 1888649828456319629

436 Peloso the Slasher (level 6, -4/56 HPs)
             Began as a Minotaur Fighter on Aug 16, 2020.
             Slain by a gnoll
             ... wielding a +0 flail
              (5 damage)
             ... on level 4 of the Dungeon.
             The game lasted 00:05:36 (3292 turns).

Peloso the Slasher (Minotaur Fighter)               Turns: 3292, Time: 00:05:37

Health: -4/56      AC: 11    Str: 21    XL:     6   Next: 68%
Magic:  14/14      EV:  8    Int:  5    God:
Gold:   136        SH: 10    Dex: 11    Spells: 5/5 levels left

rFire    . . .     SeeInvis .   a - +0 long sword
rCold    . . .     Gourm    .   c - +0 kite shield
rNeg     . . .     Faith    .   b - +0 scale mail
rPois    .         Spirit   .   (helmet restricted)
rElec    .         Reflect  .   (no cloak)
rCorr    .         Harm     .   (no gloves)
MR       .....                  (no boots)
Stlth    ..........             (no amulet)
HPRegen  0.18/turn              m - ring of magical power
MPRegen  0.14/turn              o - +4 ring of protection

@: no status effects
A: retaliatory headbutt, horns 2
a: no special abilities


You were on level 4 of the Dungeon.
You were hungry.

You visited 1 branch of the dungeon, and saw 4 of its levels.

You collected 136 gold pieces.

Inventory:

Hand Weapons
 a - a +0 long sword (weapon)
Missiles
 j - 48 bolts
Armour
 b - a +0 scale mail (worn)
 c - a +0 kite shield (worn)
Jewellery
 m - a ring of magical power (left hand)
 o - a +4 ring of protection (right hand)
Scrolls
 e - 6 scrolls of identify
 g - a scroll of amnesia {unknown}
 h - 3 scrolls of teleportation {unknown}
 i - a scroll of random uselessness {unknown}
 n - a scroll of fog
Potions
 d - a potion of might
 k - 2 potions of stabbing
Comestibles
 f - 8 rations
 p - a chunk of flesh


   Skills:
 + Level 5.1 Fighting
 + Level 5.6 Long Blades
 + Level 4.8 Armour
 + Level 1.7 Dodging
 + Level 0.1 Stealth
 + Level 5.2 Shields


You had 5 spell levels left.
You didn't know any spells.
Your spell library was empty.

Dungeon Overview and Level Annotations

Branches:
Dungeon (4/15)
 Temple: D:4-7

Altars:
Cheibriados


Innate Abilities, Weirdness & Mutations

You reflexively headbutt those who attack you in melee.
You have a pair of horns on your head.


Message History

The gnoll closely misses you.
You riposte.
You slash the gnoll!
You kill the gnoll!
The gnoll hits you but does no damage.
Things that are here:
a +0 halberd; a gnoll corpse You closely miss the gnoll.
The gnoll hits you with a +0 flail. You block the gnoll's attack.
Your shield and scale mail prevent you from hitting the gnoll.
Your headbutt misses the gnoll. The gnoll hits you with a +0 flail! x2
* * * LOW HITPOINT WARNING * * *
You completely miss the gnoll. You block the gnoll's attack.
The gnoll hits you with a +0 flail.
* * * LOW HITPOINT WARNING * * *
Your shield prevents you from hitting the gnoll.
You block the gnoll's attack. The gnoll closely misses you.
You furiously retaliate!
You headbutt the gnoll! You hit the gnoll.
You kill the gnoll!
The gnoll hits you with a +0 flail.
You die...

***,..$...### *** ##.....
**,,,........## **,** #.....
*,,,,.........# *...* #.....
**,,,.........# *#..#*
##.... * *,,,....g....#
*#...# ##... *
**,,...g.....## *...#* ###.
** *,,.......#..###..#* #.
,* **,......###)##...#
######. ,** *,......*
#g@#..#* ##...... ,,*
**.....**##....####
##....... ,,*
*....####..##....###........
,,*
*#..###...######............
,** #####..### ###..........
** ##..## #...........
###..## ##...........
**#....#* #............
***#.......#* #............


You could see a gnoll.

Vanquished Creatures
  A centaur (D:3)
  Blork the orc (D:4)
  A scorpion (D:2)
  A howler monkey (D:3)
  Jessica (D:3)
  3 gnolls (D:4)
  4 adders
  An ooze (D:2)
  2 worms
  4 dart slugs (D:1)
  6 leopard geckos
  An orc (D:3)
  12 bats
  5 giant cockroaches
  9 goblins
  12 hobgoblins
  9 jackals
  2 quokkas (D:2)
  5 frilled lizards
  5 kobolds
  9 rats
94 creatures vanquished.

Notes
Turn   | Place    | Note
-------+----------+-------------------------------------------
     0 | D:1      | Peloso the Minotaur Fighter began the quest for the Orb.
     0 | D:1      | Reached XP level 1. HP: 19/19 MP: 0/0
    94 | D:1      | Reached XP level 2. HP: 26/27 MP: 1/1
   502 | D:1      | Reached XP level 3. HP: 25/33 MP: 2/2
  1235 | D:2      | Reached XP level 4. HP: 36/41 MP: 3/3
  1503 | D:2      | Found a snail-covered altar of Cheibriados.
  1672 | D:2      | Reached XP level 5. HP: 44/47 MP: 4/4
  2123 | D:2      | Reached skill level 1 in Dodging
  2212 | D:3      | Noticed Jessica
  2216 | D:3      | Killed Jessica
  2357 | D:3      | Noticed a centaur
  2372 | D:3      | Killed a centaur
  2372 | D:3      | Reached skill level 5 in Long Blades
  2372 | D:3      | Reached skill level 5 in Shields
  2372 | D:3      | Reached XP level 6. HP: 5/55 MP: 5/5
  3184 | D:4      | Noticed Blork the orc
  3204 | D:4      | Killed Blork the orc
  3204 | D:4      | Reached skill level 5 in Fighting
  3290 | D:4      | HP: 1/56 [gnoll/+0 flail (5)]
  3292 | D:4      | Slain by a gnoll

Illustrated notes

Levels and vault maps discovered:
D:1:      matt_arrival_spirals, layout_loops_cross, kennysheep_boxes
D:2:      minmay_angry_zag, layout_loops_cross, overflow_temple_1_default,
          columned_hall_lemuel, corner_web_ring, minmay_fountain_box,
          minmay_tromino_v7
D:3:      layout_loops_ring, uniq_jessica
D:4:      layout_cave_pods, gammafunk_ghost_grave, gup_sewer_entry_bowl,
          first_ration, nemelex_spade_bored_becter, uniq_blork_the_orc

Skill      XL: |  1  2  3  4  5  6 |
---------------+-------------------+-----
Fighting       | 4 5 |  5.1
Shields        | 4 5 |  5.2
Armour         | 4 |  4.8
Long Blades    | 3 5 |  5.6
Dodging        | 1 |  1.7
Stealth        | |  0.1

Action                   |  1- 3 |  4- 6 || total
-------------------------+-------+-------++-------
Melee: Long sword        |    97 |   121 ||   218
       Headbutt          |    11 |    26 ||    37
  Use: Potion            |     5 |       ||     5
       Scroll            |       |     3 ||     3
  Eat: Chunk             |     1 |     6 ||     7
Armor: Scale mail        |    67 |    50 ||   117
Dodge: Dodged            |    40 |    45 ||    85
Block: Kite shield       |    61 |    77 ||   138
       Rpst.: Long sword |    17 |     8 ||    25
